 Dungeon Crawl Stone Soup version 0.19.1 (webtiles) character file.

4816 Ice the Thrower (level 10, -7/120 HPs)
             Began as a Minotaur Berserker on Dec 14, 2016.
             Was a High Priest of Trog.
             Mangled by a slime creature (14 damage)
             ... on level 9 of the Dungeon.
             The game lasted 00:42:21 (8214 turns).

Ice the Thrower (Minotaur Berserker)                Turns: 8214, Time: 00:42:22

Health: -7/120     AC: 16    Str: 27    XL:     10   Next: 24%
Magic:  9/9        EV: 12    Int:  4    God:    Trog [*****.]
Gold:   610        SH:  0    Dex: 13    Spells: 0 memorised, 9 levels left

rFire  . . .     SeeInvis .     Q - +2 trident (venom)
rCold  + . .     Gourm    +     R - +0 plate armour
rNeg   . . .     Faith    .     (no shield)
rPois  .         Spirit   .     (helmet restricted)
rElec  .         Reflect  .     P - +2 cloak
rCorr  .         Harm     .     C - +1 pair of gloves
MR     .....                    (no boots)
Stlth  ..........               p - amulet of the gourmand
                                V - +3 ring of evasion
                                G - ring of protection from cold

@: berserking, very quick
A: retaliatory headbutt, horns 2
a: Berserk, Trog's Hand, Brothers in Arms, Burn Spellbooks, Renounce Religion


You were on level 9 of the Dungeon.
You worshipped Trog.
Trog was extremely pleased with you.
You were full.

You visited 1 branch of the dungeon, and saw 9 of its levels.

You collected 610 gold pieces.

Inventory:

Hand Weapons
 s - a +0 blowgun
 v - a +0 hunting sling
 J - the +2 dagger of Causality {pierce, +Inv rN+}
   (You found it on level 5 of the Dungeon)

   It inflicts extra damage upon your enemies.
   It protects you from negative energy.
   It lets you turn invisible.
 M - a +2 trident of flaming
 Q - a +2 trident of venom (weapon)
 T - a +0 shortbow
 U - a +3 antimagic dagger
Missiles
 d - 94 arrows
 e - 218 stones (quivered)
 g - 8 needles of confusion
 q - 38 poisoned needles
 r - 7 tomahawks
 w - 28 sling bullets
 D - 6 javelins
 I - 7 poisoned tomahawks
 O - 21 bolts
Armour
 C - a +1 pair of gloves (worn)
 P - a +2 cloak (worn)
 R - a +0 plate armour (worn)
Jewellery
 p - an amulet of the gourmand (around neck)
 G - a ring of protection from cold (left hand)
 V - a +3 ring of evasion (right hand)
Wands
 W - a wand of disintegration (11/24)
Scrolls
 b - 2 scrolls of remove curse
 m - 3 scrolls of blinking
 n - 4 scrolls of teleportation
 t - 2 scrolls of amnesia {unknown}
 y - a scroll of enchant armour {unknown}
 A - 2 scrolls of fear {unknown}
 K - 2 scrolls of noise {unknown}
 N - a scroll of brand weapon {unknown}
 S - 2 scrolls of recharging {unknown}
Potions
 a - 2 potions of lignification
 f - a potion of ambrosia {unknown}
 h - a potion of haste
 k - a potion of cure mutation {unknown}
 o - a potion of might {unknown}
 u - a potion of invisibility {unknown}
 x - a potion of berserk rage {unknown}
 B - a potion of brilliance {unknown}
 E - 2 potions of curing
 F - a potion of flight {unknown}
 H - a potion of agility {unknown}
Books
 X - a book of Misfortune

   Spells                             Type                      Level
   a - Confusing Touch                Hexes                        1
   b - Confuse                        Hexes                        3
   c - Gell's Gravitas                Hexes/Translocation          3
   d - Petrify                        Transmutation/Earth          4
   e - Metabolic Englaciation         Hexes/Ice                    5
   f - Yara's Violent Unravelling     Hexes/Transmutation          5
   Trog disapproves of the use of such an item.
Comestibles
 c - 6 bread rations
 i - 2 slices of pizza
 j - 5 fruits
 l - 4 meat rations
 z - 2 beef jerkies


   Skills:
 - Level 4.7 Fighting
 - Level 6.8 Short Blades
   Level 3.6 Maces & Flails
 + Level 9.3 Polearms
 - Level 10.1 Throwing
 - Level 2.4 Armour
 - Level 5.0 Dodging


You had 9 spell levels left.
You didn't know any spells.

Dungeon Overview and Level Annotations

Branches:
Dungeon (9/15)             Temple (0/1) D:4
   Lair: D:8-11         Orc: D:9-12

Altars:
Okawaru
Qazlal
Ru
Sif Muna
Yredelemnul
Zin
The Shining One

Annotations:
D:4 1 runed door


Innate Abilities, Weirdness & Mutations

You reflexively headbutt those who attack you in melee.
You have a pair of horns on your head.


Message History

The slime creature hits you!
* * * LOW HITPOINT WARNING * * *
The slime creature hits you but does no damage.
You puncture the large slime creature! You headbutt the large slime creature!!
The large slime creature is almost dead.
The slime creature hits you!
* * * LOW HITPOINT WARNING * * *
The large slime creature misses you.
The slime creature hits you but does no damage.
You are too berserk!
You are too berserk!
You puncture the large slime creature!
The large slime creature is almost dead.
The slime creature hits you but does no damage. x2
You impale the large slime creature!!
You kill the large slime creature!
Trog accepts your kill.
Your Polearms skill increases to level 9!
The slime creature hits you!
You die...

####### ## ##.....#...
##$.........
#..(........
#..(JJ....>(
#.(.@.......
#...JJ.(....
#...........
########...........
#.................. .
......##...###........)
#######...####......###
## #......###........#
#. ##.####.#..........#
####.


You could see 4 slime creatures.

Vanquished Creatures
  A slime creature (D:9)
  Grinder (D:6)
  The ghost of usscaptain the Conjurer, an amateur DgCj (D:4)
  Prince Ribbit (D:5)
  A hippogriff (D:7)
  Eustachio (D:5)
  Menkaure (D:6)
  Duvessa (D:6)
  4 ice beasts
  An orc warrior (D:6)
  3 sky beasts
  2 ogres
  2 phantoms
  A black bear (D:8)
  Blork the orc (D:6)
  5 bullfrogs
  Dowan (D:6)
  2 scorpions
  A water moccasin skeleton (D:9)
  2 electric eels (D:9)
  4 crimson imps
  2 howler monkeys
  A quasit (D:7)
  A bullfrog zombie (D:9)
  6 hounds
  10 orc wizards
  A bullfrog skeleton (D:4)
  5 orc priests
  2 iguanas
  5 worker ants
  2 hound skeletons
  5 gnolls
  A howler monkey zombie (D:7)
  12 adders
  2 shadow imps (D:7)
  2 oozes
  An adder skeleton (D:4)
  4 worms
  4 dart slugs
  7 leopard geckos
  35 orcs
  A ball python (D:2)
  3 giant cockroaches
  9 goblins
  5 hobgoblins
  9 jackals
  11 kobolds
  7 quokkas
  A ball python skeleton (D:4)
  3 bats
  8 frilled lizards
  A jackal zombie (D:7)
  2 leopard gecko skeletons
  3 rats
208 creatures vanquished.

Notes
Turn   | Place    | Note
-------+----------+-------------------------------------------
     0 | D:1      | Ice the Minotaur Berserker began the quest for the Orb.
     0 | D:1      | Reached XP level 1. HP: 19/19 MP: 0/0
    72 | D:1      | Reached XP level 2. HP: 22/26 MP: 1/1
   695 | D:1      | Reached XP level 3. HP: 31/31 MP: 2/2
  1349 | D:2      | Reached ** piety under Trog
  1523 | D:2      | Reached XP level 4. HP: 39/39 MP: 3/3
  1686 | D:2      | Reached skill level 5 in Dodging
  2111 | D:3      | Reached XP level 5. HP: 34/47 MP: 4/4
  2250 | D:3      | Reached *** piety under Trog
  2250 | D:3      | Reached skill level 1 in Throwing
  2501 | D:3      | Reached skill level 2 in Throwing
  2692 | D:4      | Reached skill level 3 in Throwing
  2693 | D:4      | Reached XP level 6. HP: 46/53 MP: 5/5
  2724 | D:4      | Noticed usscaptain's ghost (amateur DgCj)
  2737 | D:4      | Killed usscaptain's ghost
  2737 | D:4      | Reached skill level 5 in Throwing
  2864 | D:4      | Reached XP level 7. HP: 60/60 MP: 6/6
  2946 | D:4      | Found a staircase to the Ecumenical Temple.
  3000 | D:4      | Reached skill level 6 in Throwing
  3073 | D:4      | Found a runed door.
  3242 | D:5      | Entered Level 5 of the Dungeon
  3525 | D:5      | Noticed Prince Ribbit
  3531 | D:5      | Noticed Eustachio
  3769 | D:5      | Reached skill level 7 in Throwing
  3772 | D:5      | Reached **** piety under Trog
  3889 | D:5      | Killed Prince Ribbit
  3889 | D:5      | Reached skill level 8 in Throwing
  3889 | D:5      | Reached XP level 8. HP: 54/67 MP: 7/7
  4174 | D:5      | Received a gift from Trog
  4231 | D:5      | Killed Eustachio
  4528 | D:5      | Got an ancient dagger
  4529 | D:5      | Identified the +2 dagger of Causality {pierce, +Inv rN+} (You found it on level 5 of the Dungeon)
  4670 | D:5      | Reached skill level 9 in Throwing
  4812 | D:6      | Noticed Duvessa
  4816 | D:6      | Noticed Dowan
  4823 | D:6      | Killed Duvessa
  4846 | D:6      | Killed Dowan
  4846 | D:6      | Reached skill level 10 in Throwing
  4896 | D:6      | Noticed Menkaure
  4901 | D:6      | Killed Menkaure
  4939 | D:6      | Reached XP level 9. HP: 72/72 MP: 8/8
  4966 | D:6      | Found an iron altar of Okawaru.
  5090 | D:6      | Got a translucent scale mail
  5101 | D:6      | Identified the +3 scale mail "Rowkix" {Int+6} (You found it on level 6 of the Dungeon)
  5189 | D:6      | Reached ***** piety under Trog
  5214 | D:6      | Noticed Blork the orc
  5231 | D:6      | Killed Blork the orc
  5243 | D:6      | Found a deep blue altar of Sif Muna.
  5248 | D:6      | Found a basalt altar of Yredelemnul.
  5248 | D:6      | Noticed Grinder
  5248 | D:6      | Paralysed by Grinder for 5 turns
  5254 | D:6      | Reached skill level 5 in Short Blades
  5272 | D:6      | Killed Grinder
  5272 | D:6      | Received a gift from Trog
  5611 | D:6      | HP: 3/72 [poisoned by an orc warrior]
  5973 | D:6      | Reached skill level 1 in Polearms
  6337 | D:7      | Found a stormy altar of Qazlal.
  6360 | D:7      | Found a glowing silver altar of Zin.
  6362 | D:7      | Found a sacrificial altar of Ru.
  6541 | D:7      | Received a gift from Trog
  6614 | D:7      | Reached skill level 5 in Polearms
  6972 | D:8      | Found a glowing golden altar of the Shining One.
  7524 | D:9      | Reached XP level 10. HP: 80/80 MP: 9/9
  8214 | D:9      | Mangled by a slime creature

Skill      XL: |  1  2  3  4  5  6  7  8  9 10 |
---------------+-------------------------------+-----
Dodging        | 3 4 5 |  5.0
Fighting       | 4 |  4.7
Throwing       | 3 5 8 10 | 10.1
Short Blades   | 3 6 |  6.8
Polearms       | 7 9 |  9.3
Maces & Flails | |  3.6
Armour         | |  2.4

Action                   |  1- 3 |  4- 6 |  7- 9 | 10-12 || total
-------------------------+-------+-------+-------+-------++-------
Melee: Mace              |    20 |       |     5 |       ||    25
       Headbutt          |     9 |    13 |    72 |    14 ||   108
       War axe           |    25 |    87 |    76 |       ||   188
       Dagger            |       |       |   137 |       ||   137
       Flail             |       |       |    12 |       ||    12
       Trident           |       |       |    81 |    42 ||   123
 Fire: Blowgun           |       |    33 |   106 |     6 ||   145
       Hunting sling     |       |     8 |    73 |     7 ||    88
Throw: Tomahawk          |    62 |    28 |     5 |       ||    95
       Stone             |    20 |    22 |    25 |     4 ||    71
Invok: Berserk           |     1 |     1 |     1 |     1 ||     4
  Use: Scroll            |     4 |     1 |     4 |     1 ||    10
       Potion            |       |       |     2 |       ||     2
  Eat: Chunk             |     4 |    21 |    15 |       ||    40
Armor: Animal skin       |     4 |       |       |       ||     4
       Ring mail         |    12 |    13 |    64 |       ||    89
       Skin              |       |       |     1 |       ||     1
       Plate armour      |       |       |    52 |    11 ||    63
       Scale mail        |       |       |    20 |       ||    20
Dodge: Dodged            |    36 |    67 |   180 |    19 ||   302
